cohdb
Replays
Latest Replays
All Replays
Popular Replays
Top Player Replays
Match Explorer
How It Works
Community
CoH3 Stats
Reddit
Sign in to upload your games and track your stats! →
Sign in with Steam
Match 45160347
Unlisted
Match 45160347
Overview
Messages
Build Orders
End
Panzerpioneer Squad
Panzerpioneer Squad
Panzerpioneer Squad
Selects Panzerjäger Kommand Battlegroup
Selects Blockade Equipment
Panzerpioneer Squad
Panzerpioneer Squad
Construct Light Support Kompanie
2.5-tonne Medical Truck
Fire Support Elements
Forward Retreat Point
Selects GrB 39 Grenade Launcher Requisition
Panzerjäger Mechanized Group
Construct Panzerarmee Kommand
Combat Half-tracks
Panzerjäger Squad
Panzerjäger Squad
Armored Reserves
Selects Crew Shock Tactics
Tiger Heavy Tank
Vehicle Survival Package
Tiger Heavy Tank
Selects Elefant Tank Destroyer
Roxor #Rustclash
娘希匹,优势在我!
鼻涕一甩排山倒海
bilibuzz
Lava Golem
RunningFatKids
Vidik
Bjoref
0
0
Comments
sign in to comment!
No comments posted yet!